Map: Terraplenes de priones

Players

xXkazperXx

  • Race: Zerg Zerg
  • League: Bronze

ragequit - Winner!

  • Race: Protoss Protoss
  • League: Bronze

VOD

Have the link to the VOD?

Description

Time

  • Played on: April 3, 2016, 12:57 p.m.
  • Length: 15:32
Show
View Real Time Build Order
Export as new Build Order

xXkazperXx Zerg 

Build Orders: Pool First 

Get SALT Encoding   

  12  0:01  Drone  
  13  0:11  Drone  
  14  0:18  Overlord  
  14  0:38  Spawning Pool, Drone  
  14  0:45  Extractor  
  13  0:56  Drone x3  
  16  1:22  Overlord  
  16  1:30  Queen  
  16  1:32  Zergling x4  
  20  1:55  Zergling x4  
  22  2:13  Spore Crawler, Drone  
  22  2:14  Drone  
  23  2:23  Drone  
  23  2:27  Hatchery  
  22  2:39  Metabolic Boost  
  22  2:43  Zergling x2  
  23  2:46  Drone  
  24  2:54  Extractor  
  23  2:58  Roach Warren  
  23  3:02  Zergling x6  
  25  3:14  Evolution Chamber  
  25  3:15  Drone  
  25  3:26  Overlord  
  25  3:37  Drone  
  25  3:38  Drone x2  
  28  3:47  Drone  
  29  4:03  Roach x2  
  29  4:05  Lair  
  29  4:07  Drone  
  34  4:28  Drone  
  34  4:29  Drone x2  
  34  4:30  Drone x2  
  34  4:31  Drone x2  
  41  4:38  Spore Crawler  
  40  4:49  Burrow  
  40  4:51  Overlord  
  40  5:00  Zerg Melee Weapons Level 1  
  40  5:10  Hydralisk Den  
  40  5:11  Drone x2  
  40  5:14  Drone x3  
  44  5:32  Roach x4  
  52  5:42  Lurker Den  
  52  5:57  Spine Crawler  
  52  5:58  Spore Crawler  
  52  5:59  Queen  
  52  6:01  Spine Crawler  
  52  6:02  Overlord  
  51  6:20  Infestation Pit  
  50  6:35  Pneumatized Carapace  
  50  6:36  Spore Crawler  
  47  6:54  Hydralisk x3  
  52  7:05  Spore Crawler  
  46  7:24  Roach x6  
  46  7:27  Queen x2  
  46  7:28  Hydralisk x2  
  52  7:39  Spore Crawler  
  51  7:51  Overlord x2  
  51  7:52  Overlord  
  51  8:28  Overseer  
  51  8:34  Zerg Melee Weapons Level 2  
  51  8:36  Zergling x4  
  51  8:37  Zergling x2  
  51  8:38  Zergling x6  
  51  8:39  Zergling x4  
  59  8:44  Extractor  
  58  8:52  Hydralisk x5  
  58  8:53  Zergling x4  
  60  8:57  Roach x6  
  28  10:01  Zergling x6  
  28  10:03  Zergling x6  
  34  10:13  Tunneling Claws  
  34  10:17  Drone x2  
  36  10:25  Extractor  
  35  10:45  Zergling x6  
  35  10:46  Zergling x2  
  35  10:47  Zergling x12  
  45  10:56  Zerg Ground Armor Level 1  
  45  10:59  Drone  
  45  11:02  Drone x2  
  48  11:22  Drone x2  
  48  11:23  Drone x2  
  51  11:47  Overlord  
  51  11:48  Overlord x3  
  51  12:01  Spire  
  40  12:43  Hydralisk x2  
  40  12:44  Hydralisk x5  
  42  12:47  Hydralisk x6  
  54  13:07  Drone x2  
  54  13:09  Drone  
  57  13:40  Mutalisk x3  
  63  13:42  Mutalisk x3  
  63  13:46  Mutalisk x6  
  81  14:14  Spine Crawler  
  80  14:31  Roach x2  
  80  14:36  Overlord  
  80  14:37  Overlord x2  
  84  14:38  Hydralisk x3  
  84  14:39  Hydralisk x10  
Show
View Real Time Build Order
Export as new Build Order

ragequit Protoss - Winner!

Build Orders: Forge Fast Expand (FFE) 

Get SALT Encoding   

  12  0:02  Probe (Chrono Boost)  
  13  0:12  Probe (Chrono Boost)  
  14  0:23  Probe (Chrono Boost)  
  14  0:24  Pylon  
  15  0:42  Probe (Chrono Boost)  
  16  0:43  Forge  
  16  0:52  Probe (Chrono Boost)  
  16  0:56  Pylon  
  17  1:03  Probe (Chrono Boost)  
  18  1:14  Probe (Chrono Boost)  
  19  1:19  Nexus  
  19  1:26  Pylon  
  19  1:30  Probe (Chrono Boost)  
  20  1:41  Probe (Chrono Boost)  
  21  1:52  Probe (Chrono Boost)  
  22  2:00  Photon Cannon  
  22  2:04  Gateway  
  22  2:06  Gateway  
  22  2:17  Pylon, Assimilator  
  22  2:22  Assimilator  
  22  2:35  Assimilator  
  22  2:38  Probe x2 (Chrono Boost)  
  22  2:42  Pylon  
  24  2:48  Probe x2 (Chrono Boost)  
  26  2:55  Cybernetics Core  
  26  2:59  Probe x2 (Chrono Boost)  
  28  3:09  Probe x2 (Chrono Boost)  
  30  3:17  Pylon  
  31  3:20  Probe x2 (Chrono Boost)  
  32  3:30  Probe (Chrono Boost)  
  32  3:31  Probe (Chrono Boost)  
  32  3:33  Stargate  
  34  3:41  Probe x2 (Chrono Boost)  
  36  3:47  Assimilator  
  36  3:51  Probe x2 (Chrono Boost)  
  36  3:53  Zealot  
  36  3:54  Zealot  
  42  3:56  Warp Gate (Chrono Boost)  
  42  4:00  Probe  
  43  4:03  Probe  
  44  4:11  Probe  
  44  4:15  Mothership Core  
  47  4:21  Phoenix, Probe  
  50  4:33  Photon Cannon  
  50  4:39  Nexus  
  50  4:42  Pylon x2  
  50  4:46  Phoenix  
  50  4:47  Assimilator  
  50  4:48  Assimilator  
  52  4:55  Stargate  
  52  4:56  Pylon  
  52  5:03  Photon Cannon  
  52  5:06  Gateway  
  52  5:13  Protoss Ground Weapons Level 1  
  52  5:16  Phoenix  
  54  5:23  Gateway  
  54  5:29  Probe, Photon Cannon  
  54  5:31  Probe  
  56  5:37  Protoss Air Weapons Level 1 (Chrono Boost)  
  56  5:39  Robotics Facility, Probe  
  57  5:43  Probe  
  57  5:44  Pylon  
  57  5:47  Phoenix  
  60  5:50  Probe x2  
  60  5:55  Probe  
  63  6:00  Probe  
  63  6:02  Void Ray  
  68  6:11  Probe  
  69  6:21  Twilight Council, Probe  
  69  6:24  Pylon  
  70  6:28  Pylon  
  70  6:32  Probe  
  71  6:42  Probe  
  72  6:53  Probe  
  73  7:03  Probe  
  74  7:41  Stalker  
  74  7:42  Stalker x3  
  82  7:53  Void Ray x2  
  90  8:10  Immortal  
  94  8:13  Stalker x3  
  94  8:19  Charge (Chrono Boost)  
  100  8:22  Gateway  
  100  8:23  Gateway  
  100  8:24  Gateway  
  100  8:27  Gateway  
  100  8:31  Gateway  
  100  8:34  Gateway  
  100  8:36  Gateway  
  100  8:39  Gateway  
  100  8:40  Pylon  
  100  8:45  Nexus  
  100  8:46  Pylon  
  100  8:47  Protoss Ground Armor Level 1  
  100  8:52  Pylon  
  100  8:54  Assimilator  
  100  8:55  Stalker x3  
  102  8:59  Assimilator  
  102  9:02  Robotics Bay  
  105  9:31  Zealot x3  
  107  9:32  Zealot x3  
  117  10:03  Zealot x5  
  117  10:04  Zealot  
  117  10:05  Zealot  
  117  10:06  Zealot  
  133  10:10  Pylon  
  133  10:12  Nexus  
  133  10:15  Pylon  
  133  10:19  Pylon  
  133  10:27  Colossus  
  139  10:30  Pylon  
  139  10:32  Pylon  
  139  10:33  Pylon  
  139  10:34  Pylon  
  139  10:35  Pylon  
  139  10:36  Pylon  
  139  10:38  Pylon  
  139  10:44  Nexus, Zealot  
  139  10:45  Zealot  
  139  10:46  Zealot x5  
  139  10:47  Zealot x2, Assimilator x2  
  157  10:51  Extended Thermal Lance (Chrono Boost)  
  157  10:59  Robotics Facility x2, Blink  
  157  11:01  Robotics Facility  
  157  11:21  Colossus  
  154  11:43  Pylon  
  154  11:47  Pylon  
  154  11:51  Pylon  
  154  11:52  Pylon  
  154  11:56  Colossus x3  
  154  11:57  Pylon  
  172  12:02  Templar Archives  
  172  12:08  Pylon  
  172  12:22  Photon Cannon  
  172  12:24  Photon Cannon  
  172  12:28  Photon Cannon  
  172  12:29  Photon Cannon  
  172  12:31  Photon Cannon  
  172  12:33  Photon Cannon  
  172  12:46  Protoss Air Armor Level 1  
  172  12:48  Photon Cannon  
  172  12:50  Photon Cannon  
  172  13:00  Protoss Ground Armor Level 2 (Chrono Boost)  
  172  13:11  Stalker x3  
  172  13:12  Stalker x3  
  184  13:22  Psionic Storm  
  184  13:28  High Templar x3  
  184  13:29  High Templar x2  
  194  13:36  Archon  
  194  13:37  Archon  
  194  13:40  High Templar x3  
  200  13:45  Archon  
  200  13:46  Archon  
  200  14:36  Photon Cannon  
  200  14:38  Photon Cannon  
  200  14:41  Photon Cannon  
  200  14:42  Photon Cannon  
  200  14:47  Photon Cannon  
  200  14:52  Photon Cannon x2  
  200  14:55  Photon Cannon  
Tags
 
Add a new tag
Caveats
  • Supply blocks, unpowered buildings, or Contaminate may cause inaccurate times.
  • Supply counts are checked every 10 seconds.